 Dungeon Crawl Stone Soup version bcrawl-1.15.1 (webtiles) character file.

Game seed: 14173359240340130508

158 MisterOstroum the Grave Robber (level 5, -6/36 HPs)
             Began as a Fairy Necromancer on Sept 27, 2019.
             Killed by nerve-wracking pain
             ... invoked by a shadow imp
              (9 damage)
             ... on level 2 of the Dungeon.
             The game lasted 00:04:44 (2068 turns).

MisterOstroum the Grave Robber (Fairy Necromancer)  Turns: 2068, Time: 00:04:45

Health: -6/36      AC:  4    Str:  6    XL:     5   Next: 39%
Magic:  11/11      EV: 22    Int: 20    God:
Gold:   150        SH:  4    Dex: 17    Spells: 0/9 levels left

rFire    . . .     SeeInvis .   a - +0 dagger
rCold    . . .     Gourm    .   (shield restricted)
rNeg     . . .     Faith    .   (armour unavailable)
rPois    .         Spirit   .   (no helmet)
rElec    .         Reflect  .   (no cloak)
rCorr    .         Harm     .   (no gloves)
MR       .....                  (no boots)
Stlth    ++........             (no amulet)
HPRegen  0.12/turn              (no ring)
MPRegen  0.12/turn              (no ring)

@: agile, flying evasively
A: small, magic attunement, unstealthy, unfitting armour, able to fly, AC/SH +4
a: Stop Flying


You were on level 2 of the Dungeon.
You were not hungry.

You visited 1 branch of the dungeon, and saw 3 of its levels.

You collected 150 gold pieces.

Inventory:

Hand Weapons
 a - a +0 dagger (weapon)
Missiles
 b - 905 stones (quivered)
 d - 121 sling bullets
Armour
 f - a +0 pair of gloves
Scrolls
 g - a scroll of remove curse {unknown}
 j - a scroll of magic mapping {unknown}
 l - a scroll of fog {unknown}
 o - a scroll of immolation {unknown}
 p - a scroll of identify {unknown}
Potions
 i - a potion of haste {unknown}
 k - a potion of ambrosia {unknown}
 m - a potion of flight {unknown}
 n - a potion of degeneration {unknown}
Comestibles
 e - 5 rations {!d}
 h - 6 chunks of flesh


   Skills:
 + Level 2.9 Fighting
 - Level 2.6 Dodging
 - Level 1.5 Stealth
 - Level 2.6 Spellcasting
 * Level 0.9 Conjurations
 + Level 5.8 Necromancy


You couldn't memorise any spells.
You knew the following spells:

 Your Spells              Type           Power        Failure   Level  Hunger
a - Pain                  Necr           ####         1%          1    None
b - Vampiric Draining     Necr           ####......   4%          3    None
c - Bolt of Draining      Conj/Necr      ###.......   69%         5    None

Your spell library contained the following spells:

 Spells                   Type           Power        Failure   Level  Hunger
 Animate Skeleton         Necr           N/A          1%          1    None
 Regeneration             Chrm/Necr      ##........   13%         3    None
 Animate Dead             Necr           N/A          13%         4    None


Dungeon Overview and Level Annotations

Branches:
Dungeon (3/12)

Altars:


Innate Abilities, Weirdness & Mutations

Your spells do not cause hunger and MP costs are reduced by 1.
Your bright wings attract enemies. (Stealth-)
You cannot fit into any form of body armour.
Your shimmering scales are hard and can block incoming attacks. (AC +4, SH +4)
You are small and have problems with some larger weapons.
You can fly continuously.


Message History

The shadow imp barely misses you.
You hit the shadow imp.
The shadow imp is moderately wounded.
You block the shadow imp's attack.
You closely miss the shadow imp.
The shadow imp is moderately wounded.
The shadow imp gestures at you. Pain shoots through your body!
You closely miss the shadow imp.
The shadow imp is moderately wounded.
The shadow imp gestures at you. Pain shoots through your body!
You are too injured to fight recklessly!
The shadow imp completely misses you.
You fly upwards.
There is a stone staircase leading down here.
Okay, then.
That item cannot be evoked!
It was a potion of agility.
You feel agile all of a sudden. The shadow imp misses you.
Okay, then.
You hit the shadow imp but do no damage.
The shadow imp is moderately wounded.
The shadow imp misses you.
You hit the shadow imp but do no damage.
The shadow imp is moderately wounded.
The shadow imp closely misses you.
You hit the shadow imp.
The shadow imp is moderately wounded.
The shadow imp hits you.
You hit the shadow imp but do no damage.
The shadow imp is moderately wounded.
The shadow imp barely misses you.
You hit the shadow imp but do no damage.
The shadow imp is moderately wounded.
The shadow imp barely misses you.
You hit the shadow imp but do no damage.
The shadow imp is moderately wounded.
The shadow imp gestures at you. Pain shoots through your body!
* * * LOW HITPOINT WARNING * * *
You closely miss the shadow imp.
The shadow imp is moderately wounded.
The shadow imp closely misses you.
You hit the shadow imp but do no damage.
The shadow imp is moderately wounded.
The shadow imp shouts, "Slither home, thou froward rude-growing haggard!"
The shadow imp completely misses you.
You hit the shadow imp but do no damage.
The shadow imp is moderately wounded.
The shadow imp misses you.
You hit the shadow imp but do no damage.
The shadow imp is moderately wounded.
The shadow imp closely misses you.
You hit the shadow imp.
The shadow imp is heavily wounded.
The shadow imp hits you.
* * * LOW HITPOINT WARNING * * *
You barely miss the shadow imp.
The shadow imp is heavily wounded.
The shadow imp completely misses you.
You hit the shadow imp but do no damage.
The shadow imp is heavily wounded.
The shadow imp hits you but does no damage.
You barely miss the shadow imp.
The shadow imp is heavily wounded.
The shadow imp closely misses you.
You closely miss the shadow imp.
The shadow imp is heavily wounded.
The shadow imp completely misses you.
You barely miss the shadow imp.
The shadow imp is heavily wounded.
The shadow imp hits you.
* * * LOW HITPOINT WARNING * * *
You hit the shadow imp but do no damage.
The shadow imp is heavily wounded.
You block the shadow imp's attack.
You hit the shadow imp but do no damage.
The shadow imp is heavily wounded.
The shadow imp misses you.
You closely miss the shadow imp.
The shadow imp is heavily wounded.
The shadow imp grins evilly.
The shadow imp barely misses you.
You hit the shadow imp but do no damage.
The shadow imp is heavily wounded.
The shadow imp gestures at you.
You struggle to resist.
You hit the shadow imp.
The shadow imp is severely wounded.
The shadow imp hits you.
* * * LOW HITPOINT WARNING * * *
You hit the shadow imp but do no damage.
The shadow imp is severely wounded.
The shadow imp barely misses you.
The shadow imp shouts, "Decamp, thou hateful motley-minded boar-pig!"
The shadow imp gestures at you. Pain shoots through your body!
You die...

...........##....#..##......#####
#.......##.##.#..#...............
#..........##....................
#...##......##.......##.........#
.....###........................#
......^......5...>...##.........#
......................#..........
..#########......................
..# #.....@................ ..#
##......<.............. ..#
####.................. ..#
#####.....###..##.. ..#
#..............#.# ..#
#...........##.#.. ..#
#................# ..#
#..........####### ..#
#..........#


You could see a shadow imp.

Vanquished Creatures
  An ogre (D:2)
  An adder (D:2)
  4 worms (D:2)
  A dart slug (D:1)
  2 leopard geckos
  2 orcs (D:2)
  9 bats
  3 giant cockroaches (D:1)
  6 hobgoblins
  A frilled lizard (D:2)
  4 goblins
  8 kobolds (D:1)
  6 rats
48 creatures vanquished.

Vanquished Creatures (others)
  5 toadstools (D:1)
5 creatures vanquished.

Grand Total: 53 creatures vanquished

Notes
Turn   | Place    | Note
-------+----------+-------------------------------------------
     0 | D:1      | MisterOstroum the Fairy Necromancer began the quest for the
                  | Orb.
     0 | D:1      | Reached XP level 1. HP: 11/11 MP: 6/6
   225 | D:1      | Reached XP level 2. HP: 18/18 MP: 7/7
   273 | D:1      | Reached skill level 1 in Fighting
   828 | D:1      | Reached XP level 3. HP: 22/23 MP: 9/9
   833 | D:1      | Learned a level 3 spell: Vampiric Draining
  1001 | D:1      | Reached skill level 5 in Necromancy
  1191 | D:2      | Noticed an ogre
  1336 | D:2      | Killed an ogre
  1336 | D:2      | Reached XP level 4. HP: 17/30 MP: 3/10
  1336 | D:2      | Reached XP level 5. HP: 20/36 MP: 3/11
  1449 | D:2      | Learned a level 5 spell: Bolt of Draining
  2051 | D:2      | HP: 1/36 [shadow imp (1)]
  2068 | D:2      | Killed from afar by a shadow imp

Skill      XL: |  1  2  3 |
---------------+----------+-----
Fighting       | 1 2 |  2.9
Necromancy     | 5 |  5.8
Dodging        | |  2.6
Stealth        | |  1.5
Spellcasting   | |  2.6
Conjurations   | |  0.9

Action                   |  1- 3 |  4- 6 || total
-------------------------+-------+-------++-------
Melee: Dagger            |     2 |    40 ||    42
Throw: Stone             |     1 |       ||     1
 Cast: Pain              |    60 |    34 ||    94
       Vampiric Draining |     4 |     1 ||     5
  Use: Potion            |       |     1 ||     1
  Eat: Chunk             |     1 |     2 ||     3
Armor: Skin              |     4 |     3 ||     7
Dodge: Dodged            |    13 |    26 ||    39
Block: Other             |     4 |     5 ||     9
